NCAA
UCLA BRUINS @ DUKE BLUE DEVILS
04/10/2026
 
TOP OF THE 1ST
UCLA Bruins batting - Pitching for Duke Blue Devils : RHP Theron Jackson
Pitching: RHP Theron Jackson
Batting: RHB Dave Baker 0-0: Ball
1-0: Ground out 4-3 (Groundball, 4M)
Batting: LHB Danny Anderson 0-0: Ball
1-0: Foul Ball, location: 2F
1-1: Ball
2-1: Foul Ball, location: 2F
2-2: SINGLE (Groundball, 34)
Batting: RHB Roberto Rodríguez 0-0: Ball
1-0: Called Strike
1-1: Ball
2-1: Called Strike
2-2: Ball
3-2: Base on Balls
Danny Anderson to second
Batting: RHB José Cisneros 0-0: Called Strike
0-1: Ball
1-1: Foul Ball, location: 2F
1-2: Strikes out swinging
Batting: RHB Joel Hebert 0-0: Swinging Strike
0-1: Ball
1-1: Swinging Strike
1-2: Ball
2-2: Ball
3-2: Strikes out swinging
Top of the 1st over - 0 run(s), 1 hit(s), 0 error(s), 2 left on base; UCLA 0 - Duke 0
BOTTOM OF THE 1ST
Duke Blue Devils batting - Pitching for UCLA Bruins : RHP Clifton Davis
Pitching: RHP Clifton Davis
Batting: RHB Joe Leach 0-0: Swinging Strike
0-1: Ball
1-1: Ground out 5-3 (Groundball, 5S)
Batting: RHB Matt Osborne 0-0: Foul Ball, location: 2F
0-1: Swinging Strike
0-2: Ground out 6-3 (Groundball, 6)
Batting: LHB Dennis King 0-0: Called Strike
0-1: SOLO HOME RUN (Flyball, 7D), Distance : 370 ft
Batting: RHB Jim Love 0-0: Ball
1-0: Fly out, F7 (Flyball, 7M)
Bottom of the 1st over - 1 run(s), 1 hit(s), 0 error(s), 0 left on base; UCLA 0 - Duke 1
TOP OF THE 2ND
UCLA Bruins batting - Pitching for Duke Blue Devils : RHP Theron Jackson
Batting: RHB Kevin Weaver 0-0: Called Strike
0-1: Ball
1-1: Ball
2-1: Ball
3-1: Swinging Strike
3-2: Foul Ball, location: 2F
3-2: Strikes out swinging
Batting: RHB Bob Weaver 0-0: Called Strike
0-1: Ball
1-1: Called Strike
1-2: Foul Ball, location: 2F
1-2: Strikes out swinging
Batting: RHB Ricardo Murillo 0-0: Swinging Strike
0-1: Ball
1-1: Ball
2-1: Foul Ball, location: 2F
2-2: Strikes out swinging
Top of the 2nd over - 0 run(s), 0 hit(s), 0 error(s), 0 left on base; UCLA 0 - Duke 1
BOTTOM OF THE 2ND
Duke Blue Devils batting - Pitching for UCLA Bruins : RHP Clifton Davis
Batting: RHB José Reyes 0-0: Ball
1-0: Ball
2-0: SINGLE (Groundball, 56D)
Batting: RHB Jesús Herrera 0-0: SINGLE (Line Drive, 34D)
José Reyes to second
Batting: RHB John James 0-0: Called Strike
0-1: Ball
1-1: Ball
2-1: Ball
3-1: Base on Balls
José Reyes to third
Jesús Herrera to second
Batting: RHB Randall Walker 0-0: Foul Ball, location: 2F
0-1: Foul Ball, location: 2F
0-2: Fly out, F8 (Flyball, 8LM)
Runner from 3rd tags up, SCORES, throw made
Batting: RHB Jake Belcher 0-0: Fly out, F7 (Flyball, 78M)
Batting: RHB Joe Leach 0-0: Ball
1-0: Ball
2-0: Called Strike
2-1: Foul Ball, location: 2F
2-2: Ground out 4-3 (Groundball, 4)
Bottom of the 2nd over - 1 run(s), 2 hit(s), 0 error(s), 2 left on base; UCLA 0 - Duke 2
TOP OF THE 3RD
UCLA Bruins batting - Pitching for Duke Blue Devils : RHP Theron Jackson
Batting: LHB Tim Griffith 0-0: Ball
1-0: Ball
2-0: Ball
3-0: Called Strike
3-1: Called Strike
3-2: Base on Balls
Batting: RHB Dave Baker 0-0: Foul Ball, location: 2F
0-1: Ball
1-1: Ball
2-1: Ball
3-1: Ground out 4-3 (Groundball, 4M)
Tim Griffith to second
Batting: LHB Danny Anderson 0-0: Ball
1-0: Foul Ball, location: 2F
1-1: Hit by Pitch
Batting: RHB Roberto Rodríguez 0-0: Called Strike
0-1: Foul Ball, location: 2F
0-2: Ball
1-2: Foul Ball, location: 2F
1-2: Foul Ball, location: 2F
1-2: Ball
2-2: Ball
Wild Pitch!
Tim Griffith to third
Danny Anderson to second
3-2: Foul Ball, location: 2F
3-2: Base on Balls
Batting: RHB José Cisneros 0-0: Ball
1-0: Foul Ball, location: 2F
1-1: Swinging Strike
1-2: Fly out, F7 (Flyball, 78S)
Batting: RHB Joel Hebert 0-0: Foul Ball, location: 2F
0-1: Ball
1-1: Ball
2-1: Ball
3-1: Called Strike
3-2: Fly out, F7 (Flyball, 78S)
Top of the 3rd over - 0 run(s), 0 hit(s), 0 error(s), 3 left on base; UCLA 0 - Duke 2
BOTTOM OF THE 3RD
Duke Blue Devils batting - Pitching for UCLA Bruins : RHP Clifton Davis
Batting: RHB Matt Osborne 0-0: Called Strike
0-1: Foul Ball, location: 2F
0-2: Ball
1-2: Ball
2-2: Ball
3-2: Foul Ball, location: 2F
3-2: Fly out, F8 (Flyball, 8RM)
Batting: LHB Dennis King 0-0: Called Strike
0-1: Foul Ball, location: 2F
0-2: Foul Ball, location: 2F
0-2: Ball
1-2: Fly out, F8 (Flyball, 8RM)
Batting: RHB Jim Love 0-0: Called Strike
0-1: Hit by Pitch
Batting: RHB José Reyes 0-0: Ball
1-0: Ball
2-0: Swinging Strike
2-1: Ball
3-1: Swinging Strike
3-2: Base on Balls
Jim Love to second
Batting: RHB Jesús Herrera 0-0: Ball
1-0: SINGLE (Groundball, 6M)
Jim Love to third
José Reyes to second
Runner from 3rd tries for Home, SAFE, no throw or cutoff
Batting: RHB John James 0-0: SINGLE (Popup, 3D)
José Reyes to third
Jesús Herrera to second
Runner from 3rd tries for Home, SAFE, no throw or cutoff
Batting: RHB Randall Walker 0-0: Ball
1-0: Called Strike
1-1: Ball
2-1: Ball
3-1: Foul Ball, location: 2F
3-2: Base on Balls
Jesús Herrera to third
John James to second
Batting: RHB Jake Belcher 0-0: Fly out, F8 (Flyball, 8RM)
Bottom of the 3rd over - 2 run(s), 2 hit(s), 0 error(s), 3 left on base; UCLA 0 - Duke 4
TOP OF THE 4TH
UCLA Bruins batting - Pitching for Duke Blue Devils : RHP Theron Jackson
Batting: RHB Kevin Weaver 0-0: Ball
1-0: Called Strike
1-1: Swinging Strike
1-2: Ball
2-2: Foul Ball, location: 2F
2-2: Strikes out swinging
Pitching: RHP Thomas Summerville
Batting: RHB Bob Weaver 0-0: Called Strike
0-1: Called Strike
0-2: Ground out 6-3 (Groundball, 6M)
Batting: RHB Ricardo Murillo 0-0: Ball
1-0: Called Strike
1-1: Swinging Strike
1-2: Reached on error, E5 (Groundball, 5)
Batting: LHB Tim Griffith 0-0: Ball
Ricardo Murillo steals 2nd base
1-0: Ball
2-0: Called Strike
2-1: Ball
3-1: Called Strike
3-2: Fly out, F8 (Line Drive, 8LS)
Top of the 4th over - 0 run(s), 0 hit(s), 1 error(s), 1 left on base; UCLA 0 - Duke 4
BOTTOM OF THE 4TH
Duke Blue Devils batting - Pitching for UCLA Bruins : RHP Clifton Davis
Batting: RHB Joe Leach 0-0: Ball
1-0: Ball
2-0: Fly out, F9 (Flyball, 9M)
Batting: RHB Matt Osborne 0-0: Ball
1-0: Called Strike
1-1: Ball
2-1: Foul Ball, location: 2F
2-2: Fly out, F4 (Popup, 34D)
Batting: LHB Dennis King 0-0: Foul Ball, location: 2F
0-1: SOLO HOME RUN (Flyball, 78XD), Distance : 391 ft
Batting: RHB Jim Love 0-0: Ball
1-0: Ball
2-0: Ball
3-0: Base on Balls
Batting: RHB José Reyes 0-0: Ball
1-0: Ball
2-0: Called Strike
2-1: Foul Ball, location: 2F
2-2: Strikes out swinging
Bottom of the 4th over - 1 run(s), 1 hit(s), 0 error(s), 1 left on base; UCLA 0 - Duke 5
TOP OF THE 5TH
UCLA Bruins batting - Pitching for Duke Blue Devils : RHP Thomas Summerville
Batting: RHB Dave Baker 0-0: Ball
1-0: Bunt missed!
1-1: Called Strike
1-2: Ball
2-2: Strikes out swinging
Batting: LHB Danny Anderson 0-0: TRIPLE (Line Drive, 9LS)
Batting: RHB Roberto Rodríguez 0-0: Foul Ball, location: 2F
0-1: Fly out, F4 (Popup, 4D)
Batting: RHB José Cisneros 0-0: Called Strike
0-1: Foul Ball, location: 2F
0-2: Foul Ball, location: 2F
0-2: SINGLE (Groundball, 4D)
Danny Anderson scores
Batting: RHB Joel Hebert 0-0: Ball
1-0: SINGLE (Groundball, 56D)
José Cisneros to second
Batting: RHB Kevin Weaver 0-0: Called Strike
Balk!
José Cisneros to third
Joel Hebert to second
0-1: Foul Ball, location: 2F
0-2: Fly out, F8 (Flyball, 8RM)
Top of the 5th over - 1 run(s), 3 hit(s), 0 error(s), 2 left on base; UCLA 1 - Duke 5
BOTTOM OF THE 5TH
Duke Blue Devils batting - Pitching for UCLA Bruins : RHP Clifton Davis
Batting: RHB Jesús Herrera 0-0: Ball
1-0: Ball
2-0: Called Strike
2-1: Swinging Strike
2-2: Strikes out swinging
Pitching: RHP Bryan Prince
Batting: RHB John James 0-0: Called Strike
0-1: Fly out, F7 (Flyball, 78M)
Batting: RHB Randall Walker 0-0: SINGLE (Groundball, 13) (infield hit)
Batting: RHB Jake Belcher 0-0: Called Strike
Randall Walker steals 2nd base
0-1: Ball
1-1: Swinging Strike
1-2: Strikes out swinging
Bottom of the 5th over - 0 run(s), 1 hit(s), 0 error(s), 1 left on base; UCLA 1 - Duke 5
TOP OF THE 6TH
UCLA Bruins batting - Pitching for Duke Blue Devils : RHP Thomas Summerville
Batting: RHB Bob Weaver 0-0: Called Strike
0-1: Ball
1-1: Ball
2-1: Foul Ball, location: 2F
2-2: Foul Ball, location: 2F
2-2: Strikes out swinging
Batting: RHB Ricardo Murillo 0-0: Ball
1-0: Foul Ball, location: 2F
1-1: Called Strike
1-2: Ball
2-2: Ball
3-2: Foul Ball, location: 2F
3-2: SOLO HOME RUN (Flyball, 7D), Distance : 345 ft
Batting: LHB Tim Griffith 0-0: Ball
1-0: Ground out 4-3 (Groundball, 34)
Batting: RHB Dave Baker 0-0: Called Strike
0-1: Swinging Strike
0-2: Ball
1-2: Ball
2-2: Ball
3-2: SINGLE (Line Drive, 6M)
Pitching: RHP John O'Greane
Batting: LHB Danny Anderson 0-0: Ball
Dave Baker steals 2nd base
1-0: Ball
Wild Pitch!
Dave Baker to third
2-0: Fly out, F9 (Line Drive, 9LM)
Top of the 6th over - 1 run(s), 2 hit(s), 0 error(s), 1 left on base; UCLA 2 - Duke 5
BOTTOM OF THE 6TH
Duke Blue Devils batting - Pitching for UCLA Bruins : RHP Bryan Prince
Batting: RHB Joe Leach 0-0: Ball
1-0: Ball
2-0: Fly out, F8 (Flyball, 8LM)
Batting: RHB Matt Osborne 0-0: Swinging Strike
0-1: Ball
1-1: Ball
2-1: Foul Ball, location: 2F
2-2: Foul Ball, location: 2F
2-2: SINGLE (Groundball, 6MD) (infield hit)
Batting: LHB Dennis King 0-0: Ball
1-0: Foul Ball, location: 2F
1-1: Ball
2-1: Foul Ball, location: 2F
2-2: Grounds into double play, 1-6-3 (Groundball, 15S)
Bottom of the 6th over - 0 run(s), 1 hit(s), 0 error(s), 0 left on base; UCLA 2 - Duke 5
TOP OF THE 7TH
UCLA Bruins batting - Pitching for Duke Blue Devils : RHP John O'Greane
Batting: RHB Roberto Rodríguez 0-0: Ball
1-0: Swinging Strike
1-1: Ball
2-1: Foul Ball, location: 2F
2-2: Ball
3-2: Ground out 6-3 (Groundball, 6)
Batting: RHB José Cisneros 0-0: Ball
1-0: Ball
2-0: Called Strike
2-1: Ground out 4-3 (Groundball, 4)
Batting: RHB Joel Hebert 0-0: Foul Ball, location: 2F
0-1: Ball
1-1: Ball
2-1: Ball
3-1: Swinging Strike
3-2: Strikes out swinging
Top of the 7th over - 0 run(s), 0 hit(s), 0 error(s), 0 left on base; UCLA 2 - Duke 5
BOTTOM OF THE 7TH
Duke Blue Devils batting - Pitching for UCLA Bruins : RHP Bryan Prince
Batting: RHB Jim Love 0-0: Called Strike
0-1: Swinging Strike
0-2: Strikes out swinging
Pitching: RHP Steve Nelson
Batting: RHB José Reyes 0-0: Ball
1-0: Ball
2-0: Fly out, F8 (Flyball, 8RM)
Batting: RHB Jesús Herrera 0-0: Ball
1-0: Called Strike
1-1: Ball
2-1: Foul Ball, location: 2F
2-2: Foul Ball, location: 2F
2-2: Strikes out swinging
Bottom of the 7th over - 0 run(s), 0 hit(s), 0 error(s), 0 left on base; UCLA 2 - Duke 5
TOP OF THE 8TH
UCLA Bruins batting - Pitching for Duke Blue Devils : RHP John O'Greane
Batting: RHB Kevin Weaver 0-0: Ball
1-0: Foul Ball, location: 2F
1-1: Foul Ball, location: 2F
1-2: Ground out 5-3 (Groundball, 56)
Batting: RHB Bob Weaver 0-0: Called Strike
0-1: Ball
1-1: Fly out, F2 (Popup, 2RF)
Batting: RHB Ricardo Murillo 0-0: Ball
1-0: SOLO HOME RUN (Flyball, 7D), Distance : 365 ft
Batting: LHB Tim Griffith 0-0: Foul Ball, location: 2F
0-1: Ball
1-1: Swinging Strike
1-2: Strikes out looking
Top of the 8th over - 1 run(s), 1 hit(s), 0 error(s), 0 left on base; UCLA 3 - Duke 5
BOTTOM OF THE 8TH
Duke Blue Devils batting - Pitching for UCLA Bruins : RHP Steve Nelson
Batting: RHB John James 0-0: Ball
1-0: Ground out 2-3 (Groundball, 2L)
Batting: RHB Randall Walker 0-0: Ball
1-0: Ball
2-0: Swinging Strike
2-1: Foul Ball, location: 2F
2-2: Strikes out looking
Batting: RHB Jake Belcher 0-0: Ball
1-0: Ball
2-0: Ball
3-0: Called Strike
3-1: Base on Balls
Batting: RHB Joe Leach 0-0: Ball
1-0: Called Strike
1-1: Ball
2-1: Fielders Choice at 2nd, 6-4 (Groundball, 6)
Bottom of the 8th over - 0 run(s), 0 hit(s), 0 error(s), 0 left on base; UCLA 3 - Duke 5
TOP OF THE 9TH
UCLA Bruins batting - Pitching for Duke Blue Devils : RHP John O'Greane
Pitching: LHP Woodrow Mitchell
Batting: RHB Dave Baker 0-0: Ball
1-0: Foul Ball, location: 2F
1-1: Foul Ball, location: 2F
1-2: Ball
2-2: Ball
3-2: Foul Ball, location: 2F
3-2: Foul Ball, location: 2F
3-2: Foul Ball, location: 2F
3-2: Base on Balls
Batting: LHB Danny Anderson 0-0: Ball
1-0: Called Strike
1-1: Foul Ball, location: 2F
1-2: Ball
2-2: Strikes out swinging
Batting: RHB Roberto Rodríguez 0-0: Foul Ball, location: 2F
0-1: Ball
1-1: 2-RUN HOME RUN (Flyball, 78XD), Distance : 391 ft
Batting: RHB José Cisneros 0-0: Called Strike
0-1: Ball
1-1: Ball
2-1: Foul Ball, location: 2F
2-2: Ball
3-2: Base on Balls
Batting: RHB Joel Hebert 0-0: Ball
1-0: Ball
2-0: SINGLE (Flyball, 8LS)
José Cisneros to second
Batting: RHB Kevin Weaver 0-0: Ball
1-0: Swinging Strike
1-1: Ball
2-1: Ball
3-1: Foul Ball, location: 2F
3-2: Base on Balls
José Cisneros to third
Joel Hebert to second
Pinch Hitting: RHB Kevin Cochrane 0-0: GRAND SLAM HOME RUN (Flyball, 78XD), Distance : 384 ft
Pitching: LHP Miguel Aragón
Batting: RHB Ricardo Murillo 0-0: Ball
1-0: Ball
2-0: Ball
3-0: Base on Balls
Batting: LHB Tim Griffith Pickoff Throw to First - Out!
0-0: Swinging Strike
0-1: Foul Ball, location: 2F
0-2: Ball
1-2: Strikes out looking
Top of the 9th over - 6 run(s), 3 hit(s), 0 error(s), 0 left on base; UCLA 9 - Duke 5
BOTTOM OF THE 9TH
Duke Blue Devils batting - Pitching for UCLA Bruins : RHP Steve Nelson
Pitching: LHP Bryan Vaughan
Now at C: Kevin Cochrane
Batting: RHB Matt Osborne 0-0: Ball
1-0: Called Strike
1-1: Foul Ball, location: 2F
1-2: Foul Ball, location: 2F
1-2: Ground out 5-3 (Groundball, 15S)
Batting: LHB Dennis King 0-0: Ball
1-0: Ball
2-0: Called Strike
2-1: Swinging Strike
2-2: Foul Ball, location: 2F
2-2: Ball
3-2: Base on Balls
Batting: RHB Jim Love 0-0: Called Strike
0-1: Fly out, F8 (Flyball, 8RM)
Batting: RHB José Reyes 0-0: Called Strike
0-1: Foul Ball, location: 2F
0-2: Ball
1-2: Foul Ball, location: 2F
1-2: Strikes out swinging
Bottom of the 9th over - 0 run(s), 0 hit(s), 0 error(s), 1 left on base; UCLA 9 - Duke 5
Monday, December 5th, 2016 - OOTP Baseball 17.12 Build 75